 Dungeon Crawl Stone Soup version 0.31-a0-187-gba352fbbf7 (webtiles) character file.

Game seed: 11578521603737114583

44 qw the Shooter (level 3, 0/20 HPs)
             Began as a Deep Elf Hunter on June 22, 2023.
             Slain by a goblin
             ... wielding a +0 dagger
             ... led by Robin
              (3 damage)
             ... on level 1 of the Dungeon.
             The game lasted 00:00:21 (830 turns).

qw the Shooter (Deep Elf Hunter)                     Turns: 830, Time: 00:00:22

Health: 0/20       AC:  6    Str: 10    XL:     3   Next: 39%
Magic:  5/5        EV: 11    Int: 13    God:
Gold:   48         SH:  0    Dex: 18    Spells: 2/2 levels left

rFire   . . .        Y - +0 shortbow
rCold   . . .        (shield currently unavailable)
rNeg    . . .        g - +0 ring mail
rPois   .            (no helmet)
rElec   .            i - +0 cloak
rCorr   .            (no gloves)
SInv    .            (no boots)
Will    .....        (no amulet)
Stlth   +            (no ring)
HPRegen 0.23/turn    (no ring)
MPRegen 0.09/turn

%: no passive effects
@: lethally poisoned (0 -> -21)
A: no striking features
a: no special abilities


You were on level 1 of the Dungeon.
You visited 1 branch of the dungeon, and saw 2 of its levels.

You collected 48 gold pieces.


   Skills:
 - Level 1.5 Fighting
 + Level 7.0 Ranged Weapons
 - Level 2.4 Dodging
 - Level 1.2 Stealth


You had 2 spell levels left.
You didn't know any spells.
Your spell library was empty.

Inventory:

Hand Weapons
 Y - a +0 shortbow (weapon)
Armour
 g - a +0 ring mail (worn)
 i - a +0 cloak (worn)
Potions
 d - a potion of haste {unknown}

Dungeon Overview and Level Annotations

Branches:
Dungeon (2/15)

Altars:

Annotations:
D:2 Robin


Message History

The goblin misses you.
The hobgoblin hits you but does no damage.
The goblin unwields a +0 sling.
The goblin wields a +0 dagger.
The goblin closely misses you.
You shoot an arrow. The arrow barely misses the goblin.
The goblin hits you but does no damage.
You are poisoned.
The hobgoblin barely misses you.
Robin roars a battlecry!
The goblins go into a battle-frenzy!
A goblin comes into view. It is wielding a +0 club.
The goblin hits you but does no damage.
You shoot an arrow. The arrow closely misses the goblin.
You feel very sick.
The goblin hits you with a +1 dagger of venom.
You are lethally poisoned!
The hobgoblin barely misses you.
A hobgoblin comes into view.
The goblin closely misses you.
827 ||| STAIRDANCE You feel very sick.
The goblin misses you.
The hobgoblin hits you but does no damage.
The goblin hits you but does no damage.
You climb upwards.
You feel very sick.
There is a stone staircase leading down here.
829 ||| DRINKING potion of heal wounds.
You feel much better.
You feel very sick. The hobgoblin hits you.
The goblin hits you with a +1 dagger of venom.
You are lethally poisoned!
The goblin hits you but does no damage.
You shoot an arrow. The arrow barely misses the goblin.
You feel very sick. The hobgoblin misses you.
The goblin hits you with a +1 dagger of venom.
You are more poisoned.
The goblin hits you with a +0 dagger.
You die...

#.#.......)....# ##########
#.#######....... #........#
#.#.....##.#.... #........#
#..........#.#.#
###........#####.....##.#....
#..........#.........##......
###........#.........#.####..
####.#####.).......#.......
##.#####@g.......#.###...
#......g)g.......#.# #...
#....)...........#.# #>..
#%....>..#########.# #...
#........# #.###... #%.......#
#.#..... #######........#
#.#.....
#..............#########.######
#..............................


You could see a hobgoblin (strong) and 2 goblins.

Vanquished Creatures
  A gnoll (D:1)
  A dart slug (D:1)
  3 ball pythons (D:1)
  3 bats
  An endoplasm (D:1)
  3 giant cockroaches (D:1)
  6 goblins
  3 hobgoblins (D:1)
  3 jackals (D:1)
  A quokka (D:1)
  A frilled lizard (D:1)
  A rat (D:1)
27 creatures vanquished.

Notes
Turn   | Place    | Note
-------+----------+-------------------------------------------
     0 | D:1      | qw the Deep Elf Hunter began the quest for the Orb.
     0 | D:1      | Reached XP level 1. HP: 12/12 MP: 3/3
     0 | D:1      | 0 ||| qw: Version: 0.3-a-9-g12657ce
     0 | D:1      | 0 ||| qw: Game counter: 2114
     0 | D:1      | 0 ||| qw: Always use a shield: true
     0 | D:1      | 0 ||| qw: God list: Okawaru
     0 | D:1      | 0 ||| qw: Allow faded altars: false
     0 | D:1      | 0 ||| qw: Do Orc after D:15 true
     0 | D:1      | 0 ||| qw: Do second Lair branch before Depths: true
     0 | D:1      | 0 ||| qw: Lair rune preference: random
     0 | D:1      | 0 ||| qw: Plans: Normal
     0 | D:1      | 0 ||| PLANNING D:1-11
   185 | D:1      | Reached XP level 2. HP: 16/16 MP: 4/4
   210 | D:1      | Reached skill level 6 in Ranged Weapons
   391 | D:1      | Reached XP level 3. HP: 20/20 MP: 5/5
   709 | D:1      | 709 ||| UPGRADING to +0 ring mail.
   719 | D:1      | 719 ||| DROPPING +0 leather armour.
   720 | D:1      | 720 ||| UPGRADING to +0 cloak.
   725 | D:1      | 725 ||| READING scroll labelled ACOROECKEO.
   726 | D:1      | 726 ||| READING scroll labelled TEPUOJ AGAANUPRU.
   727 | D:1      | 727 ||| DRINKING 2 inky potions.
   734 | D:1      | 734 ||| DRINKING 2 emerald potions.
   735 | D:1      | 735 ||| DROPPING scroll of butterflies.
   736 | D:1      | 736 ||| DROPPING potion of ambrosia.
   776 | D:2      | Noticed an ogre
   776 | D:2      | Found a faded altar of an unknown god.
   777 | D:2      | 777 ||| Stepping randomly (stuck).
   805 | D:2      | Noticed Robin
   808 | D:2      | 808 ||| STAIRDANCE
   813 | D:1      | Reached skill level 7 in Ranged Weapons
   827 | D:2      | 827 ||| STAIRDANCE
   828 | D:1      | HP: 5/20 [poisoned by a goblin]
   829 | D:1      | 829 ||| DRINKING potion of heal wounds.
   830 | D:1      | Slain by a goblin

Levels and vault maps discovered:
D:1:      lemuel_arrival_cross, layout_basic
D:2:      layout_basic, nicolae_ecumenical_oubliette, uniq_robin,
          uniq_crazy_yiuf_cottage

Skill      XL: |  1  2  3 |
---------------+----------+-----
Ranged Weapons | 6 7 |  7.0
Fighting       | |  1.5
Dodging        | |  2.4
Stealth        | |  1.2

Action                     || total
---------------------------++-------
   Fire: Shortbow          ||    73
    Use: Potion            ||     3
         Scroll            ||     2
 Armour: Leather armour    ||    11
         Ring mail         ||    16
  Dodge: Dodged            ||    32

Table legend:
 A = Non-vault XP
 B = Vault XP
 C = Vault XP percentage of total XP
 D = Non-vault monster count
 E = Vault monster count
 F = Vault count percentage of total count
                 A         B        C        D         E       F
            +---------+---------+-------+---------+---------+-------
      Total |      53 |      10 |  15.9 |      22 |       5 |  18.5
            +---------+---------+-------+---------+---------+-------
        D:1 |      52 |       6 |  10.3 |      21 |       3 |  12.5
        D:2 |       1 |       4 |  80.0 |       1 |       2 |  66.7
            +---------+---------+-------+---------+---------+-------
